 Dungeon Crawl Stone Soup version 0.21-a0-178-g0b87683 (webtiles) character file.

5378 MackTheKnife the Fighter (level 10, -2/61 HPs)
             Began as a Vine Stalker Berserker on Aug 9, 2017.
             Was an Elder of Trog.
             Killed from afar by an orc sorcerer (9 damage)
             ... with a bolt of negative energy
             ... on level 2 of the Orcish Mines.
             The game lasted 00:15:10 (2480 turns).

MackTheKnife the Fighter (Vine Stalker Berserker)   Turns: 2480, Time: 00:15:11

Health: -2/61      AC: 11    Str: 23    XL:     10   Next: 66%
Magic:  0/20       EV: 10    Int:  7    God:    Trog [****..]
Gold:   670        SH:  0    Dex: 14    Spells: 9/9 levels left

rFire    + + +     SeeInvis .   k - +0 dagger (speed)
rCold    . . .     Gourm    .   (no shield)
rNeg     . . .     Faith    .   b - +0 fire dragon scales
rPois    +         Spirit   +   (no helmet)
rElec    +         Reflect  .   x - scarf {Spirit}
rCorr    +         Harm     .   j - +0 pair of gloves (curse)
MR       +++..                  l - +1 pair of boots
Stlth    ..........             (no amulet)
HPRegen  1.60/turn              d - ring of flight {+Fly, !d}
MPRegen  0.17/turn              f - ring of magical power {MP+9}

@: resistant, berserk cooldown, regenerating, slowed, drained, very slow
A: fangs 3, regeneration 1, magic shield, antimagic bite, no potion heal 3, rot
immunity
a: Berserk, Trog's Hand, Brothers in Arms, Burn Spellbooks, Renounce Religion,
Evoke Flight


You were on level 2 of the Orcish Mines.
You worshipped Trog.
Trog was greatly pleased with you.
You were not hungry.

You visited 2 branches of the dungeon, and saw 11 of its levels.
You also visited: Ossuary.

You collected 670 gold pieces.

Inventory:

Hand Weapons
 k - a +0 dagger of speed (weapon)
   (You took it off an orc wizard on level 7 of the Dungeon)
 m - a +0 dagger of venom
   (You took it off an orc on level 1 of the Orcish Mines)
 w - a +0 rapier
   (You found it on level 8 of the Dungeon)
Armour
 b - +0 fire dragon scales (worn)
   (You found it on level 2 of the Dungeon)
 j - a cursed +0 pair of gloves (worn)
   (You found it on level 6 of the Dungeon)
 l - a +1 pair of boots (worn)
   (You found it on level 5 of the Dungeon)
 x - a scarf of spirit shield (worn)
   (You found it on level 8 of the Dungeon)
Jewellery
 d - a ring of flight (left hand) {+Fly, !d}
   (You found it on level 1 of the Dungeon)
 f - a ring of magical power (right hand) {MP+9}
   (You found it on level 2 of the Dungeon)
Scrolls
 q - 2 scrolls of remove curse
 t - a scroll of amnesia
Potions
 e - a potion of cancellation {unknown}
 g - a potion of magic
 h - 6 potions of curing
 o - 2 potions of brilliance {unknown}
 p - 2 potions of resistance
 r - 3 potions of agility
 s - 3 potions of might {unknown}
 u - a potion of lignification {unknown}
Books
 n - a book of Battle
   (You found it on level 6 of the Dungeon)
Comestibles
 v - 2 meat rations {@e2}


   Skills:
 + Level 11.6(11.0) Fighting
 - Level 9.0(8.5) Short Blades
 - Level 1.5(1.1) Armour
 - Level 1.5(1.1) Dodging


You had 9 spell levels left.
You didn't know any spells.

Dungeon Overview and Level Annotations

Branches:
Dungeon (9/15)             Temple (0/1) D:4             Orc (2/2) D:9
   Lair: D:8-11         Elf: Orc:2

Altars:
Cheibriados
Fedhas
Xom

Shops:
Orc:2 (*


Innate Abilities, Weirdness & Mutations

You have razor-sharp teeth.
Your natural rate of healing is unusually fast.
When hurt, damage is shared between your health and your magic reserves.
Your bite disrupts and absorbs the magic of your enemies.
Potions cannot restore your health.
You are immune to rotting.


Message History

The fungus is engulfed in a cloud of scalding steam.
The fungus is destroyed!
The orc warrior hits you with a scimitar!
The orc warrior hits you but does no damage.
Items here: )) [[ a battleaxe; a chain mail; a dagger; an embroidered robe You take 7 damage, and have 66/91 hp.
You now have 18/20 mp.
You hit the orc warrior but do no damage.
Your bite misses the orc warrior.
The orc warrior hits you with a halberd!!
You take 15 damage, and have 51/91 hp.
You now have 13/20 mp.
You hit the orc warrior. You bite the orc warrior! You drain its power.
You feel invigorated.
MP restored: 20 You hit the orc warrior.
Your bite misses the orc warrior. You hit the orc warrior.
You kill the orc warrior!
Trog accepts your kill.
The orc warrior hits you but does no damage. x2
You puncture the orc warrior! You bite the orc warrior. You drain its power.
You hit the orc warrior. Your bite misses the orc warrior.
The orc high priest intones a terrible prayer.
You puncture the orc warrior! Your bite misses the orc warrior.
You closely miss the orc warrior. The orc warrior barely misses you.
You closely miss the orc warrior.
The orc warrior hits you but does no damage. x2
You hit the orc warrior. You bite the orc warrior. You drain its power.
You kill the orc warrior!
Trog accepts your kill.
You hit the orc warrior but do no damage.
You closely miss the orc warrior. Your bite misses the orc warrior.
You hit the orc warrior. You bite the orc warrior! You drain its power.
You hit the orc warrior. You bite the orc warrior. You drain its power.
You kill the orc warrior!
Trog accepts your kill.
You hit the ice devil but do no damage. Your bite misses the ice devil.
The orc warrior misses you.
You closely miss the ice devil. You bite the ice devil. You drain its power.
You hit the ice devil. Your bite misses the ice devil. The ice devil hits you!
The ice devil freezes you!!
You feel a terrible chill!
You take 26 damage, and have 31/91 hp.
MASSIVE DAMAGE!!
You now have 11/20 mp.
You hit the ice devil. Your bite misses the ice devil.
You barely miss the ice devil. You bite the ice devil! You drain its power.
You puncture the ice devil! Your bite misses the ice devil.
You hit the ice devil. Your bite misses the ice devil.
The orc warrior closely misses you. The ice devil hits you.
The ice devil freezes you!!
You feel a terrible chill!
* * * LOW HITPOINT WARNING * * *
You take 26 damage, and have 7/91 hp.
MASSIVE DAMAGE!!
You now have 2/20 mp.
Unknown command.
You hit the ice devil but do no damage. You bite the ice devil!
You drain its power. You closely miss the ice devil. You hit the ice devil.
Your bite misses the ice devil. You puncture the ice devil!
You kill the ice devil!
Things that are here:
a war axe; a chain mail You are too berserk!
Unknown command.
You are too berserk!
Unknown command.
You feel a strong urge to attack something.
You regained 2 hp, and now have 11/91 hp.
Unknown command.
You are no longer berserk.
You are exhausted.
You feel yourself slow down.
You now have 9/61 hp.
As you read the scroll of teleportation, it crumbles to dust.
You feel strangely unstable.
You regained 2 hp, and now have 11/61 hp.
The orc warrior hits you from afar with a glaive!
* * * LOW HITPOINT WARNING * * *
An orc warrior comes into view. It is wielding a battleaxe.
You take 10 damage, and have 1/61 hp.
You now have 1/20 mp.
Unknown command.
The orc warrior shouts!
The orc warrior throws a tomahawk of returning.
The tomahawk of returning hits you.
* * * LOW HITPOINT WARNING * * *
The weapon returns to the orc warrior!
Unknown command.
Your surroundings suddenly seem different. 2 orc priests and an orc sorcerer come into view.
You regained 2 hp, and now have 4/61 hp.
Okay, then.
You aren't carrying any items that you can evoke.
Unknown command.
You feel protected.
The orc sorcerer points at you and mumbles some strange words.
The bolt of negative energy hits you!
You feel drained.
You die...

...........#
.......#...# ........#
........$.... #.......##
.)........#..#...o.....#
..∩......#$...#.o.....#
......P.###...........##
....8...# #...........#
.....P.## #...........
...P..P##.# #.@.......
PP)..###.$..............
.........P....#.....#$#.
.........PP.. .......#
.....o.......PP..#.....
#.#.........o...........
..#..........8......$$..
...........∩............
..#..........


You could see an orc sorcerer and 2 orc priests.

Vanquished Creatures
  A two-headed ogre (D:9)
  An orc high priest (Orc:2)
  An orc knight (Orc:1)
  An orc sorcerer (Orc:2)
  A troll (Orc:1)
  A hippogriff (D:7)
  Sigmund (D:5)
  A hungry ghost (D:9)
  Edmund (D:5)
  2 two-headed ogre zombies (D:9)
  8 orc warriors (Orc:2)
  2 phantoms (D:9)
  3 ogres
  2 centaurs
  3 bullfrogs
  A scorpion (D:8)
  A crimson imp (D:7)
  A jelly (D:7)
  4 orc wizards
  3 orc priests
  2 worker ants (D:5)
  A big kobold zombie (Ossuary)
  6 ogre zombies (D:9)
  8 mummies (Ossuary)
  3 adders
  A howler monkey skeleton (D:4)
  A shadow imp (D:9)
  An adder skeleton (D:6)
  A dart slug (D:1)
  2 leopard geckos
  13 orcs
  3 bats
  6 giant cockroaches
  A gnoll zombie (Ossuary)
  3 goblins
  6 jackals (D:7)
  4 kobolds
  3 quokkas
  2 ball pythons (D:3)
  4 frilled lizards
  2 goblin zombies (D:9)
  A hobgoblin skeleton (D:9)
  5 hobgoblin zombies
  A leopard gecko zombie (D:7)
  4 orc skeletons (D:9)
  19 orc zombies
  A rat (D:3)
143 creatures vanquished.

Vanquished Creatures (collateral kills)
  A warg (Orc:2)
  2 orc warriors (Orc:2)
  An ogre (Orc:1)
  An orc priest (Orc:2)
  3 orcs (Orc:1)
8 creatures vanquished.

Vanquished Creatures (others)
  An orc (Orc:2)
  A fungus (Orc:2)
2 creatures vanquished.

Grand Total: 153 creatures vanquished

Notes
Turn   | Place    | Note
-------+----------+-------------------------------------------
     0 | D:1      | MackTheKnife the Vine Stalker Berserker began the quest for the Orb.
     0 | D:1      | Reached XP level 1. HP: 11/11 MP: 2/2
    22 | D:1      | Reached skill level 3 in Short Blades
    82 | D:1      | Reached XP level 2. HP: 6/16 MP: 0/3
   242 | D:2      | Found a blossoming altar of Fedhas.
   329 | D:3      | Reached XP level 3. HP: 13/19 MP: 4/4
   415 | D:3      | Reached ** piety under Trog
   530 | D:3      | Reached skill level 4 in Short Blades
   646 | D:4      | Found a staircase to the Ecumenical Temple.
   767 | D:4      | Noticed an ogre
   770 | D:4      | Noticed a centaur
   776 | D:4      | Gained mutation: Your natural rate of healing is unusually fast. [Vine Stalker growth]
   776 | D:4      | Reached XP level 4. HP: 23/23 MP: 5/5
   780 | D:4      | Killed a centaur
   780 | D:4      | Reached skill level 5 in Short Blades
   780 | D:4      | Reached XP level 5. HP: 27/27 MP: 6/6
   782 | D:4      | Killed an ogre
   782 | D:4      | Reached XP level 6. HP: 32/32 MP: 7/7
   808 | D:4      | Reached skill level 6 in Short Blades
   829 | D:5      | Entered Level 5 of the Dungeon
   894 | D:5      | Noticed Edmund
   903 | D:5      | Killed Edmund
   940 | D:5      | Reached skill level 7 in Short Blades
   940 | D:5      | Reached XP level 7. HP: 32/35 MP: 8/8
   948 | D:5      | Noticed Sigmund
   964 | D:5      | Killed Sigmund
  1134 | D:6      | Reached skill level 8 in Short Blades
  1230 | D:7      | Gained mutation: You have razor-sharp teeth. [Vine Stalker growth]
  1230 | D:7      | Reached XP level 8. HP: 39/39 MP: 9/9
  1246 | D:7      | Reached skill level 9 in Short Blades
  1251 | D:7      | Reached *** piety under Trog
  1272 | D:7      | Noticed a hippogriff
  1280 | D:7      | Killed a hippogriff
  1280 | D:7      | Reached skill level 3 in Fighting
  1306 | D:7      | Found a sand-covered staircase.
  1312 | Ossuary  | Entered an ossuary
  1326 | Ossuary  | Reached skill level 4 in Fighting
  1635 | D:8      | Found a shimmering altar of Xom.
  1659 | D:8      | Reached skill level 5 in Fighting
  1670 | D:8      | Found a snail-covered altar of Cheibriados.
  1675 | D:8      | Found a blossoming altar of Fedhas.
  1894 | D:9      | Noticed a two-headed ogre
  1904 | D:9      | Killed a two-headed ogre
  1904 | D:9      | Reached skill level 7 in Fighting
  1904 | D:9      | Reached XP level 9. HP: 50/50 MP: 10/10
  1917 | D:9      | Found a staircase to the Orcish Mines.
  1939 | D:9      | Reached **** piety under Trog
  1998 | D:9      | Reached skill level 8 in Fighting
  2092 | Orc:1    | Entered Level 1 of the Orcish Mines
  2092 | Orc:1    | Noticed an orc knight
  2092 | Orc:1    | Noticed a troll
  2107 | Orc:1    | Killed a troll
  2107 | Orc:1    | Reached skill level 9 in Fighting
  2118 | Orc:1    | Killed an orc knight
  2118 | Orc:1    | Reached skill level 10 in Fighting
  2118 | Orc:1    | Reached XP level 10. HP: 59/59 MP: 11/11
  2189 | Orc:2    | Entered Level 2 of the Orcish Mines
  2281 | Orc:2    | Noticed an orc warlord
  2281 | Orc:2    | Noticed an orc knight
  2330 | Orc:2    | Noticed an orc sorcerer
  2339 | Orc:2    | Killed an orc sorcerer
  2340 | Orc:2    | Found Asosapol's Antique Weapon Shoppe.
  2355 | Orc:2    | Noticed an orc high priest
  2366 | Orc:2    | Killed an orc high priest
  2366 | Orc:2    | Reached skill level 11 in Fighting
  2416 | Orc:2    | Found Ceor Ama's General Store.
  2416 | Orc:2    | Noticed an orc high priest
  2430 | Orc:2    | Noticed a smoke demon
  2468 | Orc:2    | HP: 7/91 [ice devil[an orc high priest] (26)]
  2477 | Orc:2    | HP: 1/61 [orc warrior/glaive (12)]
  2480 | Orc:2    | Noticed an orc sorcerer
  2480 | Orc:2    | Killed from afar by an orc sorcerer

Vault maps used:
D:1:      ldierk_water_garden, xom_teletrap_fun
D:2:      fedhas_altar_1
D:4:      minmay_temple_entry_overgrown
D:5:      first_bread, basic_altar, nicolae_qazlal_eye_of_the_storm,
          uniq_edmund, uniq_sigmund
D:6:      uniq_pikel, uniq_prince_ribbit1
D:7:      kennysheep_mini, nicolae_ossuary_entry_monument
D:8:      nicolae_overflow_hidden_temple, basic_altar
D:9:      erik_lair_dragon, zombieorc2_lemuel, serial_glass, glass_columns_a,
          glass_columns_c
Orc:2:    grunt_orc_gardens, grunt_orc_garden, grunt_orc_garden,
          grunt_orc_garden, grunt_orc_garden, basic_altar
Ossuary:  ossuary_tomb_3

Skill      XL: |  1  2  3  4  5  6  7  8  9 10 |
---------------+-------------------------------+-----
Short Blades   | 3 4 5 7 8 9 |  9.0
Fighting       | 7 10 11 | 11.6
Armour         | |  1.5
Dodging        | |  1.5

Action                   |  1- 3 |  4- 6 |  7- 9 | 10-12 || total
-------------------------+-------+-------+-------+-------++-------
Melee: Short sword       |   114 |    36 |   125 |       ||   275
       Bite              |    29 |    11 |   146 |    45 ||   231
       Dagger            |       |       |   196 |   100 ||   296
Invok: Berserk           |     2 |     2 |     6 |     3 ||    13
       Trog's Hand       |       |       |     1 |     2 ||     3
       Brothers in Arms  |       |       |     1 |     1 ||     2
  Use: Scroll            |     2 |     1 |     4 |     2 ||     9
       Potion            |       |       |       |     1 ||     1
  Eat: Chunk             |       |     3 |     7 |     2 ||    12
       Bread ration      |       |       |     1 |     1 ||     2
Armor: Leather armour    |     6 |       |       |       ||     6
       Fire dragon scale |    46 |    13 |    90 |    20 ||   169
Dodge: Dodged            |    59 |     9 |    76 |    19 ||   163

Vault maps used:
D:1:      ldierk_water_garden, xom_teletrap_fun
D:2:      fedhas_altar_1
D:4:      minmay_temple_entry_overgrown
D:5:      first_bread, basic_altar, nicolae_qazlal_eye_of_the_storm,
          uniq_edmund, uniq_sigmund
D:6:      uniq_pikel, uniq_prince_ribbit1
D:7:      kennysheep_mini, nicolae_ossuary_entry_monument
D:8:      nicolae_overflow_hidden_temple, basic_altar
D:9:      erik_lair_dragon, zombieorc2_lemuel, serial_glass, glass_columns_a,
          glass_columns_c
Orc:2:    grunt_orc_gardens, grunt_orc_garden, grunt_orc_garden,
          grunt_orc_garden, grunt_orc_garden, basic_altar
Ossuary:  ossuary_tomb_3

Table legend:
 A = Turns spent in this place as a percentage of turns spent in the entire game.
 B = Non-inter-level travel turns spent in this place as a percentage of non-inter-level travel turns spent in the entire game.
 C = Inter-level travel turns spent in this place as a percentage of turns spent in this place.
 D = Turns resting spent in this place as a percentage of non-inter-level travel turns spent in this place.
 E = Turns spent auto-exploring this place as a percentage of non-inter-level travel turns spent in this place.
 F = Non-inter-level travel turns spent in this place divided by the number of levels of this place that you've seen.
                   A       B       C       D       E      F
               +-------+-------+-------+-------+-------+----------------------
         Total | 100.0 | 100.0 |   0.1 |   0.1 |   0.0 | 197.5
       Dungeon |  76.8 |  76.8 |   0.1 |   0.1 |   0.0 | 202.3
  Orcish Mines |  16.8 |  16.8 |   0.3 |   0.0 |   0.0 | 199.0
       Ossuary |   6.4 |   6.4 |   0.0 |   0.0 |   0.0 | 151.0
               +-------+-------+-------+-------+-------+----------------------

Table legend:
 A = Kills in this place as a percentage of kills in entire the game.
 B = Kills by you in this place as a percentage of kills by you in the entire game.
 C = Kills by friends in this place as a percentage of kills by friends in the entire game.
 D = Other kills in this place as a percentage of other kills in the entire game.
 E = Experience gained in this place as a percentage of experience gained in the entire game.
 F = Experience gained in this place divided by the number of levels of this place that you have seen.
                   A       B       C       D       E      F
               +-------+-------+-------+-------+-------+----------------------
         Total | 100.0 | 100.0 | 100.0 |  -nan | 100.0 | 640.3
       Dungeon |  70.2 |  74.1 |   0.0 |  -nan |  48.4 | 413.2
  Orcish Mines |  19.2 |  14.7 | 100.0 |  -nan |  49.3 | 1894.5
       Ossuary |  10.6 |  11.2 |   0.0 |  -nan |   2.3 | 176.0
               +-------+-------+-------+-------+-------+----------------------
